 Dungeon Crawl Stone Soup version 0.30-a0-393-g54b8e3be05 (webtiles) character file.

Game seed: 341947813049659108

628 porpoise the Trooper (level 7, -3/48 HPs)
             Began as a Gargoyle Brigand on Dec 6, 2022.
             Was a Believer of the Shining One.
             Slain by an ogre
             ... wielding a +0 giant club
              (28 damage)
             ... on level 5 of the Dungeon.
             The game lasted 00:17:45 (4374 turns).

porpoise the Trooper (Gargoyle Brigand)             Turns: 4374, Time: 00:17:46

Health: -3/48      AC: 10    Str: 16    XL:     7   Next: 48%
Magic:  7/7        EV: 11    Int: 12    God:    the Shining One [**....]
Gold:   149        SH:  0    Dex: 11    Spells: 6/6 levels left

rFire   . . .      SeeInvis .    a - +0 flail
rCold   . . .      Faith    +    (no shield)
rNeg    + + .      Spirit   .    A - +0 leather armour
rPois   ∞          Reflect  .    w - +0 helmet
rElec   +          Harm     .    c - +0 cloak
rCorr   .          Rampage  .    (no gloves)
Will    +....                    u - +0 pair of boots
Stlth   +.........               z - amulet of faith
HPRegen 0.28/turn                h - ring of willpower
MPRegen 0.10/turn                r - ring of flight

@: flying, glowing
A: sickness immunity, AC +4, negative energy resistance 1, electricity
resistance, torment resistance 1, petrification resistance
a: Renounce Religion, Divine Shield


You were on level 5 of the Dungeon.
You worshipped the Shining One.
The Shining One was pleased with you.
You visited 1 branch of the dungeon, and saw 5 of its levels.

You collected 249 gold pieces.
You spent 100 gold pieces at shops.

Inventory:

Hand Weapons
 a - a +0 flail (weapon)
 b - a +2 dagger
Missiles
 d - 7 poisoned darts (quivered)
 e - 3 curare-tipped darts
 i - 4 boomerangs
 v - a throwing net
Armour
 c - a +0 cloak (worn)
 u - a +0 pair of boots (worn)
 w - a +0 helmet (worn)
 A - a +0 leather armour (worn)
Jewellery
 h - a ring of willpower (left hand)
 r - a ring of flight (right hand)
 z - an amulet of faith (around neck)
Scrolls
 f - a scroll of teleportation
 j - a scroll of noise
 k - a scroll of vulnerability
 n - a scroll of enchant armour {unknown}
 p - a scroll of fear
 t - a scroll of enchant weapon {unknown}
 x - a scroll of magic mapping {unknown}
 y - a scroll of amnesia {unknown}
 B - a scroll of silence {unknown}
 C - a scroll of brand weapon {unknown}
Potions
 g - a potion of invisibility {unknown}
 l - 2 potions of lignification
 m - a potion of haste
 o - a potion of experience {unknown}
 q - 2 potions of might {unknown}
 s - a potion of ambrosia {unknown}


   Skills:
 + Level 7.2 Fighting
 - Level 1.7 Short Blades
 * Level 4.5 Maces & Flails
 - Level 1.7 Throwing
 - Level 0.7 Dodging
 - Level 4.3 Stealth


You had 6 spell levels left.
You didn't know any spells.
Your spell library contained the following spells:

 Spells                   Type           Power      Damage    Failure   Level
 Shock                    Conj/Air       0%         1d3       38%         1
 Slow                     Hex            0%         N/A       38%         1
 Wereblood                Tmut           0%         N/A       52%         2
 Confusing Touch          Hex            0%         N/A       77%         3
 Gell's Gravitas          Tloc           0%         N/A       77%         3
 Kindle Blastsparks       Fire/Tloc/Air  0%         2d10      77%         3
 Lesser Beckoning         Tloc           0%         N/A       77%         3
 Teleport Other           Tloc           0%         N/A       77%         3
 Vampiric Draining        Necr           0%         2d6       77%         3
 Fulminant Prism          Conj/Hex       0%         3d5       99%         4
 Iskenderun's Mystic Bla  Conj/Tloc      0%         2d3       99%         4
 Lee's Rapid Deconstruct  Erth           0%         3d4*      100%        5
 Summon Hydra             Summ           0%         N/A       100%        7
 Sublimation of Blood     Necr           Unusable   N/A       N/A         2

Dungeon Overview and Level Annotations

Branches:
Dungeon (5/15)
 Temple: D:4-7

Altars:
Makhleb
The Shining One

Shops:
D:3 *?


Innate Abilities, Weirdness & Mutations

You are immune to sickness and miasma.
Your stone body is resilient. (AC +4)
You are immune to poison.
You resist negative energy. (rN+)
You are resistant to electric shocks. (rElec)
You are resistant to unholy torment.
You are immune to petrification.


Message History

You hit Blork the orc.
Blork the orc is severely wounded.
Blork the orc hits you but does no damage.
You sock Blork the orc!
Blork the orc is almost dead.
Blork the orc hits you with a +0 scimitar.
You sock Blork the orc!
You kill Blork the orc!
Your Maces & Flails skill increases to level 4!
You start resting.
HP restored.
You now have 149 gold pieces (gained 2).
Things that are here:
a +0 scimitar; a +0 robe; the orc corpse of Blork the orc
d - 6 poisoned darts (gained 2)
d - 7 poisoned darts (gained 1);
e - 3 curare-tipped darts (gained 1)
The jelly quivers.
b - a +2 dagger (weapon)
a - a +0 flail (weapon)
The ogre shouts!
You hit the jelly.
Your hands burn!
The jelly is almost dead.
The jelly hits you but does no damage.
You hit the jelly.
You kill the jelly!
The ogre hits you with a +0 giant club!!
You are too injured to fight recklessly!
You hit the ogre.
The ogre is lightly wounded.
The ogre barely misses you.
You hit the ogre.
The ogre is lightly wounded.
The ogre barely misses you.
You hit the ogre.
The ogre is moderately wounded.
You hit the ogre.
The ogre is heavily wounded.
The ogre hits you with a +0 giant club!!
Ouch! That really hurt!
You die...

O.........(
#.#.#.#
#.........(.....
#.#...#
#..........#....
#.#..##
#.........##....
##.#..#
####.....###....
##....## .
...... #....
#...#.# # ##.##
#....##.#.#.# ##
#...O#..#.#.#
#....@.##.#.#
###+#####.#+#
... ... ..


You could see an ogre.

Vanquished Creatures
  Sigmund (D:4)
  An ogre (D:5)
  Blork the orc (D:5)
  A scorpion (D:4)
  A jelly (D:5)
  2 orc priests (D:5)
  An orc wizard (D:4)
  Robin (D:3)
  2 adders
  2 worms (D:4)
  3 dart slugs
  9 orcs
  11 ball pythons
  9 endoplasms
  2 giant cockroaches
  17 goblins
  7 hobgoblins
  4 kobolds
  6 quokkas
  3 bats
  6 rats
90 creatures vanquished.

Notes
Turn   | Place    | Note
-------+----------+-------------------------------------------
     0 | D:1      | porpoise the Gargoyle Brigand began the quest for the Orb.
     0 | D:1      | Reached XP level 1. HP: 12/12 MP: 1/1
   232 | D:1      | Reached skill level 3 in Fighting
   232 | D:1      | Reached XP level 2. HP: 19/19 MP: 2/2
   739 | D:1      | Reached XP level 3. HP: 24/24 MP: 3/3
  1251 | D:2      | Reached skill level 4 in Fighting
  2154 | D:3      | Found a faded altar of an unknown god.
  2201 | D:3      | Got Plato's Compilation of Lightning
  2204 | D:3      | Prayed at the altar of an unknown god.
  2204 | D:3      | Became a worshipper of the Shining One
  2204 | D:3      | Reached * piety under the Shining One
  2223 | D:3      | Reached XP level 4. HP: 30/30 MP: 4/4
  2380 | D:3      | Found Kycyvoha's Magic Scroll Emporium.
  2622 | D:3      | Noticed Robin
  2637 | D:3      | Killed Robin
  2638 | D:3      | Reached skill level 5 in Fighting
  2928 | D:3      | Found Enlouc's Assorted Antiques.
  2942 | D:3      | Bought a scroll labelled CUMECE SOTSEHA for 25 gold pieces
  2942 | D:3      | Bought a scroll labelled VALANU BICRAOB for 25 gold pieces
  2942 | D:3      | Bought a scroll labelled AXOIHUCRYU for 25 gold pieces
  2942 | D:3      | Bought a scroll labelled WOUMUG IFIAM for 25 gold pieces
  3238 | D:4      | Found a glowing golden altar of the Shining One.
  3280 | D:4      | Reached XP level 5. HP: 35/35 MP: 5/5
  3430 | D:4      | Reached skill level 6 in Fighting
  3651 | D:4      | Noticed Sigmund
  3658 | D:4      | Killed Sigmund
  3659 | D:4      | Reached XP level 6. HP: 35/42 MP: 6/6
  3851 | D:4      | Found a burning altar of Makhleb.
  4105 | D:5      | Entered Level 5 of the Dungeon
  4113 | D:5      | Reached XP level 7. HP: 47/47 MP: 7/7
  4135 | D:5      | Reached ** piety under the Shining One
  4147 | D:5      | Reached skill level 7 in Fighting
  4283 | D:5      | Noticed Blork the orc
  4290 | D:5      | Killed Blork the orc
  4374 | D:5      | Slain by an ogre

Illustrated notes

Levels and vault maps discovered:
D:1:      minmay_arrival_jagged, layout_loops_ring
D:2:      layout_basic, kennysheep_nub, ebering_dispersal_statue_hall
D:3:      layout_rooms, shapermc_ecumenical_altar_rom_forum, serial_shops,
          nicolae_shop_crystal, nicolae_lakefront_shop,
          minmay_misc_feat_hallway, uniq_robin
D:4:      layout_loops_cross, tso_altar, nicolae_overflow_hidden_temple,
          minivault_4, uniq_sigmund
D:5:      layout_basic, nicolae_gozag_seed_capital, zin_purify, uniq_menkaure,
          uniq_blork_the_orc, uniq_prince_ribbit1, uniq_grinder

Skill      XL: |  1  2  3  4  5  6  7 |
---------------+----------------------+-----
Fighting       | 3 4 5 6 7 |  7.2
Maces & Flails | 2 3 4 |  4.5
Short Blades   | |  1.7
Throwing       | |  1.7
Dodging        | |  0.7
Stealth        | |  4.3

Action                   |  1- 3 |  4- 6 |  7- 9 || total
-------------------------+-------+-------+-------++-------
Melee: Dagger            |   120 |   122 |       ||   242
       Punch             |     1 |     1 |       ||     2
       Flail             |       |    36 |    33 ||    69
Throw: Dart              |       |    10 |    10 ||    20
  Use: Scroll            |       |     7 |     1 ||     8
       Potion            |       |     1 |       ||     1
 Stab: Sleeping          |     9 |       |       ||     9
Armor: Robe              |    34 |    31 |       ||    65
       Leather armour    |       |    12 |    19 ||    31
Dodge: Dodged            |    46 |    69 |    16 ||   131

Table legend: (Time is in decaauts)
 A = Elapsed time spent in this place.
 B = Non-inter-level travel time spent in this place.
 C = Inter-level travel time spent in this place.
 D = Time resting spent in this place.
 E = Time spent auto-exploring this place.
 F = Levels seen in this place.
 G = Mean time per level.
                   A        B        C        D        E       F      G
               +--------+--------+--------+--------+--------+-----+--------+
         Total |   4343 |   4023 |    320 |    897 |   2208 |   5 |  868.6 |
       Dungeon |   4343 |   4023 |    320 |    897 |   2208 |   5 |  868.6 |
               +--------+--------+--------+--------+--------+-----+--------+

Top non-repeatable levels by time:
     D:2: 1153 daAuts
     D:4: 1040 daAuts
     D:1: 964 daAuts
     D:3: 911 daAuts
     D:5: 273 daAuts
